 Dungeon Crawl Stone Soup version 0.31-a0-426-g3a05650e59 (webtiles) character file.

Game seed: 4761186822308936176

270 Dordric the Cleaver (level 6, -2/51 HPs)
             Began as a Hill Orc Fighter on July 30, 2023.
             Slain by a black bear (5 damage)
             ... on level 4 of the Dungeon.
             The game lasted 00:02:20 (3322 turns).

Dordric the Cleaver (Hill Orc Fighter)              Turns: 3322, Time: 00:02:21

Health: -2/51      AC:  8    Str: 21    XL:     6   Next: 22%
Magic:  6/6        EV:  9    Int:  8    God:
Gold:   201        SH:  4    Dex: 10    Spells: 5/5 levels left

rFire   . . .        a - +0 war axe
rCold   . . .        c - +0 buckler
rNeg    . . .        b - +0 scale mail
rPois   .            (no helmet)
rElec   .            (no cloak)
rCorr   .            (no gloves)
SInv    .            x - +0 pair of boots
Will    .....        (no amulet) Stlth
                     (no ring)
HPRegen 0.28/turn    (no ring)
MPRegen 0.10/turn

%: no passive effects
@: no status effects
A: no striking features
a: no special abilities


You were on level 4 of the Dungeon.
You visited 1 branch of the dungeon, and saw 4 of its levels.

You collected 201 gold pieces.

Inventory:

Hand Weapons
 a - a +0 war axe (weapon)
Armour
 b - a +0 scale mail (worn)
 c - a +0 buckler (worn)
 x - a +0 pair of boots (worn)
Jewellery
 e - a ring of resist corrosion
 r - a +6 ring of strength
 u - a ring of see invisible
Scrolls
 h - a scroll of amnesia {unknown}
 i - 2 scrolls of acquirement {unknown}
 k - 3 scrolls of identify {unknown}
 l - 3 scrolls of enchant armour {unknown}
 n - a scroll of fear {unknown}
 p - a scroll of brand weapon {unknown}
 q - 2 scrolls of blinking {unknown}
 t - a scroll of teleportation {unknown}
 v - a scroll of silence {unknown}
Potions
 d - 2 potions of might
 f - 2 potions of lignification {unknown}
 g - 3 potions of curing {unknown}
 j - a potion of degeneration {unknown}
 m - 2 potions of resistance {unknown}
 o - 2 potions of brilliance {unknown}
 s - a potion of heal wounds {unknown}
 w - a potion of ambrosia {unknown}


   Skills:
 - Level 3.6 Fighting
 + Level 8.4 Axes
 - Level 3.2 Armour
 - Level 3.2 Shields


You had 5 spell levels left.
You didn't know any spells.
Your spell library contained the following spells:

 Spells                   Type           Power      Damage    Failure   Level
 Magic Dart               Conj           0%         1d3       82%         1
 Searing Ray              Conj           0%         2d4       91%         2
 Sublimation of Blood     Necr           0%         N/A       91%         2
 Gell's Gravitas          Tloc           0%         N/A       99%         3
 Teleport Other           Tloc           0%         N/A       99%         3
 Fulminant Prism          Conj/Hex       0%         3d5       100%        4
 Petrify                  Tmut/Erth      0%         N/A       100%        4
 Irradiate                Conj/Tmut      0%         3d11      100%        5
 Dispersal                Tloc           0%         N/A       100%        6


Dungeon Overview and Level Annotations

Branches:
Dungeon (4/15)
 Temple: D:4-7

Altars:
Cheibriados
Xom


Message History

The black bear bites you but does no damage.
The black bear barely misses you.
The black bear claws you but does no damage.
The gnoll hits you from afar with a +0 spear.
The black bear misses you. The black bear closely misses you.
The black bear claws you but does no damage.
The gnoll hits you but does no damage.
You closely miss the black bear.
The black bear is moderately wounded.
The black bear closely misses you.
The black bear claws you but does no damage. x2
The gnoll hits you from afar with a +0 spear.
You slash the black bear!
The black bear is almost dead.
You block the black bear's attack. The black bear closely misses you.
The black bear claws you but does no damage.
The gnoll hits you from afar with a +0 spear.
* * * LOW HITPOINT WARNING * * *
You closely miss the black bear.
The black bear is almost dead.
The black bear goes berserk!
The gnoll hits you but does no damage.
Unknown command.
You barely miss the black bear.
The black bear is severely wounded.
The black bear barely misses you.
The black bear claws you but does no damage. x2
The gnoll hits you but does no damage. The black bear barely misses you.
The black bear claws you.
* * * LOW HITPOINT WARNING * * *
The black bear claws you but does no damage.
You hit the black bear.
The black bear is almost dead.
The black bear bites you.
* * * LOW HITPOINT WARNING * * *
The black bear barely misses you. The black bear claws you.
* * * LOW HITPOINT WARNING * * *
The gnoll misses you. The black bear bites you.
* * * LOW HITPOINT WARNING * * *
The black bear completely misses you. The black bear claws you.
You die...

###### ########### #....#
g..#.....## #....# .'......##
#####....#########.......#
...#......#K....)........#
..'.....@hg.............'
.#......#K.............#
##..(.#########.......# #....#
'......## #....# .#.....##
#############')##################
≈≈≈≈≈≈≈≈≈≈~~..().~≈≈≈≈≈≈≈≈≈≈≈≈≈≈≈
≈≈≈~≈≈≈≈≈≈~......~≈≈≈~≈≈≈≈≈≈≈≈≈~≈
~~~~~~~~~~≈~..))~~~≈~~≈~~~~~≈~~~~


You could see a black bear (berserk), a gnoll and 2 kobolds.

Vanquished Creatures
  A howler monkey (D:4)
  A hound (D:4)
  Natasha (D:3)
  An orc wizard (D:3)
  2 gnolls (D:4)
  5 adders
  4 orcs
  5 endoplasms
  7 giant cockroaches
  6 goblins
  6 hobgoblins
  3 jackals (D:2)
  23 kobolds
  3 quokkas
  9 ball pythons
  3 bats
  A frilled lizard (D:1)
  3 rats (D:1)
84 creatures vanquished.

Notes
Turn   | Place    | Note
-------+----------+-------------------------------------------
     0 | D:1      | Dordric the Hill Orc Fighter began the quest for the Orb.
     0 | D:1      | Reached XP level 1. HP: 19/19 MP: 1/1
    70 | D:1      | Reached skill level 3 in Axes
   332 | D:1      | Reached XP level 2. HP: 25/26 MP: 2/2
   409 | D:1      | Reached skill level 4 in Axes
   619 | D:1      | Reached XP level 3. HP: 28/31 MP: 3/3
  1079 | D:2      | Reached skill level 5 in Axes
  1182 | D:2      | Found a faded altar of an unknown god.
  1244 | D:2      | Reached XP level 4. HP: 38/39 MP: 4/4
  1463 | D:2      | Reached skill level 6 in Axes
  1858 | D:3      | Found a shimmering altar of Xom.
  2104 | D:3      | Found a snail-covered altar of Cheibriados.
  2351 | D:3      | Noticed Natasha
  2357 | D:3      | Killed Natasha
  2652 | D:3      | Reached XP level 5. HP: 23/45 MP: 5/5
  2738 | D:4      | Reached skill level 7 in Axes
  2940 | D:4      | Reached skill level 8 in Axes
  2940 | D:4      | Reached XP level 6. HP: 51/51 MP: 6/6
  3294 | D:4      | Noticed a black bear
  3322 | D:4      | Slain by a black bear

Illustrated notes

Levels and vault maps discovered:
D:1:      dpeg_arrival_round_b, layout_loops_corners, minivault_27
D:2:      layout_basic, ebering_ecumenical_altar_rust,
          nicolae_concentric_dashed_squares_mild
D:3:      layout_basic, nicolae_overflow_hidden_temple,
          mainiacjoe_overflow_chevrons, uniq_natasha
D:4:      minmay_goblin_kobold_castle, layout_cave_pools, serial_bayou_crossing

Skill      XL: |  1  2  3  4  5 |
---------------+----------------+-----
Axes           | 3 4 5 6 8 |  8.4
Fighting       | |  3.6
Armour         | |  3.2
Shields        | |  3.2

Action                     |  1- 3 |  4- 6 || total
---------------------------+-------+-------++-------
  Melee: War axe           |    95 |   173 ||   268
 Armour: Scale mail        |    33 |    99 ||   132
  Dodge: Dodged            |    49 |    74 ||   123
  Block: Buckler           |    21 |    37 ||    58

Table legend: (Time is in decaauts)
 A = Elapsed time spent in this place.
 B = Non-inter-level travel time spent in this place.
 C = Inter-level travel time spent in this place.
 D = Time resting spent in this place.
 E = Time spent auto-exploring this place.
 F = Levels seen in this place.
 G = Mean time per level.
                   A        B        C        D        E       F      G
               +--------+--------+--------+--------+--------+-----+--------+
         Total |   3397 |   3276 |    121 |     79 |   2590 |   4 |  849.2 |
       Dungeon |   3397 |   3276 |    121 |     79 |   2590 |   4 |  849.2 |
               +--------+--------+--------+--------+--------+-----+--------+

Top non-repeatable levels by time:
     D:1: 987 daAuts
     D:3: 919 daAuts
     D:2: 864 daAuts
     D:4: 625 daAuts
